 Dungeon Crawl Stone Soup version 0.29.1-15-g9cfb28693d (webtiles) character file.

Game seed: 7885253217591253300

2339 jtron the Prestidigitator (level 9, -11/66 HPs)
             Began as a Gnoll Wanderer on Mar 20, 2023.
             Was an Initiate of Okawaru.
             Mangled by an orc warrior
             ... wielding a +0 trident
              (17 damage)
             ... on level 7 of the Dungeon.
             The game lasted 00:16:46 (7752 turns).

jtron the Prestidigitator (Gnoll Wanderer)          Turns: 7752, Time: 00:16:46

Health: -11/66     AC:  0    Str: 12    XL:     9   Next: 43%
Magic:  15/15      EV: 14    Int: 11    God:    Okawaru [......]
Gold:   481        SH:  0    Dex: 18    Spells: 16/16 levels left

rFire   x . .      SeeInvis .   a - +3 woodcutter's axe {vorpal}
rCold   + . .      Faith    .   (shield currently unavailable)
rNeg    . . .      Spirit   .   e - +0 leather armour
rPois   +          Reflect  .   I - +0 helmet
rElec   .          Harm     .   (no cloak)
rCorr   .          Rampage  .   (no gloves)
Will    .....                   (no boots)
Stlth   +++.......              n - amulet of the acrobat
HPRegen 0.21/turn               m - ring of Genud {Ice rPois Int+2 Slay+2}
MPRegen 0.14/turn               (no ring)

@: corroded
A: fangs 1, strong nose, distributed training
a: Renounce Religion


You were on level 7 of the Dungeon.
You worshipped Okawaru.
Okawaru was noncommittal.
You visited 2 branches of the dungeon, and saw 8 of its levels.
You also visited: Sewer.

You collected 481 gold pieces.

Inventory:

Hand Weapons
 a - the +3 woodcutter's axe (weapon) {vorpal}
   (You found it on level 6 of the Dungeon)

   It inflicts extra damage upon your enemies.
 b - a +1 sling
 z - a +3 quarterstaff
Missiles
 f - 113 stones
 k - 2 throwing nets
 r - 2 boomerangs
 s - 20 poisoned darts (quivered)
 B - 2 datura-tipped darts
 D - 5 curare-tipped darts
 K - 5 silver javelins
Armour
 e - a +0 leather armour (worn)
 I - a +0 helmet (worn)
Jewellery
 m - the ring of Genud (left hand) {Ice rPois Int+2 Slay+2}
   (You found it on level 2 of the Dungeon)

   [ring of ice]

   It enhances your ice magic.
   Int:       It affects your intelligence (+2).
   Slay:      It affects your accuracy & damage with ranged weapons and melee
   (+2).
   rF:        It makes you vulnerable to fire.
   rC:        It protects you from cold.
   rPois:     It protects you from poison.
 n - an amulet of the acrobat (around neck)
 J - an amulet of magic regeneration
 M - a +6 ring of dexterity
Wands
 c - a wand of polymorph (28)
Scrolls
 g - a scroll of magic mapping
 h - 2 scrolls of teleportation
 i - a scroll of blinking {unknown}
 u - a scroll of immolation
 v - 2 scrolls of enchant armour {unknown}
 y - a scroll of acquirement {unknown}
 A - a scroll of amnesia
 G - a scroll of torment {unknown}
 H - 3 scrolls of noise {unknown}
 N - a scroll of enchant weapon
 O - a scroll of fog {unknown}
 P - a scroll of identify
Potions
 j - 4 potions of curing
 l - 2 potions of lignification
 o - 3 potions of mutation {unknown}
 p - a potion of might
 q - 2 potions of brilliance
 t - a potion of haste {unknown}
 w - 2 potions of degeneration
 x - 2 potions of flight {unknown}
 C - a potion of attraction {unknown}
 E - 2 potions of resistance {unknown}
 F - a potion of invisibility {unknown}
 L - a potion of cancellation {unknown}
 Q - a potion of ambrosia {unknown}


   Skills:
 + Level 4.4 Fighting
 + Level 4.4 Short Blades
 + Level 4.4 Long Blades
 + Level 4.4 Axes
 + Level 4.4 Maces & Flails
 + Level 4.4 Polearms
 + Level 6.4 Staves
 + Level 8.0 Ranged Weapons
 + Level 4.4 Throwing
 + Level 4.4 Armour
 + Level 4.4 Dodging
 + Level 4.4 Stealth
 + Level 4.4 Shields
 + Level 4.4 Unarmed Combat
 + Level 4.4 Spellcasting
 + Level 3.6 Conjurations
 + Level 3.6 Hexes
 + Level 3.6 Summonings
 + Level 3.6 Necromancy
 + Level 3.6 Translocations
 + Level 3.6 Transmutations
 + Level 3.6 Fire Magic
 + Level 3.6 Ice Magic
 + Level 3.6 Air Magic
 + Level 3.6 Earth Magic
 + Level 3.6 Poison Magic
 + Level 4.8 Invocations
 + Level 11.3 Evocations


You had 16 spell levels left.
You didn't know any spells.
Your spell library contained the following spells:

 Spells                   Type           Power      Damage    Failure   Level
 Necrotise                Necr           40%        1d6       7%          1
 Sandblast                Erth           20%        2d7       7%          1
 Passwall                 Tmut/Erth      8%         N/A       10%         2
 Stone Arrow              Conj/Erth      20%        3d8       21%         3
 Vampiric Draining        Necr           10%        2d6       21%         3
 Agony                    Necr           10%        N/A       88%         5
 Lehudib's Crystal Spear  Conj/Erth      5%         10d3      100%        8
 Animate Armour           Summ/Erth      Unusable   N/A       N/A         4

Dungeon Overview and Level Annotations

Branches:
Dungeon (7/15)             Temple (1/1) D:7           Sewer (visited)

Altars:
Ashenzari
Cheibriados
Elyvilon
Gozag
Hepliaklqana
Kikubaaqudgha
Makhleb
Nemelex Xobeh
Okawaru
Qazlal
Ru
Uskayaw
Vehumet
Wu Jian
Xom
Yredelemnul
Zin
The Shining One

Shops:
D:4 :

Annotations:
D:7 exclusion: statue


Innate Abilities, Weirdness & Mutations

You have very sharp teeth.
Your uncanny sense of smell can sniff out nearby items.
Your experience applies equally to all skills.


Message History

You are too injured to fight recklessly!
You are too injured to fight recklessly!
You feel much better. The acid dragon barely misses you. x2
You barely miss the acid dragon.
The acid dragon bites you but does no damage.
The acid dragon claws you.
You slash the acid dragon!
You bite the acid dragon, but do no damage.
The acid dragon is moderately wounded.
The acid dragon bites you! The acid dragon closely misses you.
An orc warrior comes into view. It is wielding a +0 trident.
You closely miss the acid dragon.
You bite the acid dragon, but do no damage.
The acid dragon is moderately wounded.
The orc warrior barely misses you. The acid dragon spits acid at you.
The splash of acid hits you!!
* * * LOW HITPOINT WARNING * * *
The acid corrodes you!
You feel much better.
The orc warrior hits you from afar with a +0 trident!
The acid dragon misses you. The acid dragon closely misses you.
You closely miss the acid dragon.
The acid dragon is moderately wounded.
The orc warrior barely misses you. The acid dragon barely misses you.
The acid dragon closely misses you.
You closely miss the acid dragon.
The acid dragon is moderately wounded.
The orc warrior barely misses you. The acid dragon barely misses you. x2
You slash the acid dragon!
You kill the acid dragon!
Okawaru accepts your kill.
The orc warrior unwields a +0 trident.
The orc warrior wields a +0 arbalest.
The orc warrior shoots a bolt.
The bolt hits you!!
* * * LOW HITPOINT WARNING * * *
Your Ranged Weapons skill increases to level 8!
You hit the orc warrior but do no damage.
The orc warrior unwields a +0 arbalest.
The orc warrior wields a +0 trident.
The orc warrior hits you with a +0 trident!
You die...

..##....# #..#
##.#.#.#.#.#.#.
###...#.# #.##
#...............
#.......# #..# #..#
#.# #.#.#.#.
#.#####.# ##..##..#
.. ........ ..#
#.###.....# #
#.#.#.#. ..#
8.#.##......# ..
......... ..#
..#.........##
#.#.#.#.#.#.#. ..#
_.#..####...†#......
........ #.# ..#..#
##..@o.# #.#.#.#.
#.# ..#..#
#..###..... .......<
#.# ..#.#. #### .#.#
#.#.#.#. #.##.##.###
# #####. #.......#
## ...###### ####


You could see an orc warrior.

Vanquished Creatures
  A wraith (D:5)
  A wyvern (D:6)
  An acid dragon (D:7)
  3 water moccasins
  Edmund (D:6)
  A sky beast (D:7)
  An orc warrior (D:6)
  2 black bears
  2 ogres
  A phantom (D:4)
  2 kobold brigands (Sewer)
  A necrophage (D:6)
  A scorpion (D:4)
  A howler monkey (D:6)
  3 hounds
  2 gnoll boudas
  2 iguanas
  3 orc wizards
  5 gnolls
  8 adders
  A river rat (D:3)
  3 white imps
  2 ufetubi
  2 worms
  3 dart slugs
  15 orcs
  9 endoplasms
  5 giant cockroaches
  3 goblins
  8 hobgoblins
  4 jackals (D:1)
  4 quokkas
  11 ball pythons
  7 bats
  2 frilled lizards (D:1)
  21 kobolds
  16 rats
158 creatures vanquished.

Vanquished Creatures (collateral kills)
  2 gnolls (D:6)
2 creatures vanquished.

Vanquished Creatures (others)
  An orc wizard (D:4)
  2 plants (Sewer)
3 creatures vanquished.

Grand Total: 163 creatures vanquished

Notes
Turn   | Place    | Note
-------+----------+-------------------------------------------
     0 | D:1      | Reached skill level 10 in Evocations
     0 | D:1      | jtron the Gnoll Wanderer began the quest for the Orb.
     0 | D:1      | jtron set off with the following items: a +2 quarterstaff,
                  | a +0 sling, a wand of polymorph (7), a potion of heal
                  | wounds, a +0 leather armour.
     0 | D:1      | Reached XP level 1. HP: 13/13 MP: 1/1
   148 | D:1      | Reached XP level 2. HP: 13/20 MP: 2/2
   402 | D:1      | Found a faded altar of an unknown god.
   417 | D:1      | Reached XP level 3. HP: 18/25 MP: 3/3
   634 | D:1      | Reached skill level 1 in Invocations
  1138 | D:2      | Reached skill level 1 in Fighting
  1138 | D:2      | Reached skill level 1 in Short Blades
  1138 | D:2      | Reached skill level 1 in Long Blades
  1138 | D:2      | Reached skill level 1 in Axes
  1138 | D:2      | Reached skill level 1 in Maces & Flails
  1138 | D:2      | Reached skill level 1 in Polearms
  1138 | D:2      | Reached skill level 1 in Throwing
  1138 | D:2      | Reached skill level 1 in Armour
  1138 | D:2      | Reached skill level 1 in Dodging
  1138 | D:2      | Reached skill level 1 in Stealth
  1138 | D:2      | Reached skill level 1 in Shields
  1138 | D:2      | Reached skill level 1 in Unarmed Combat
  1138 | D:2      | Reached skill level 1 in Spellcasting
  1294 | D:2      | Identified the ring of Genud {Ice rPois Int+2 Slay+2}
  1456 | D:2      | Reached XP level 4. HP: 21/32 MP: 5/5
  1931 | D:3      | Reached skill level 1 in Conjurations
  1931 | D:3      | Reached skill level 1 in Hexes
  1931 | D:3      | Reached skill level 1 in Summonings
  1931 | D:3      | Reached skill level 1 in Necromancy
  1931 | D:3      | Reached skill level 1 in Translocations
  1931 | D:3      | Reached skill level 1 in Transmutations
  1931 | D:3      | Reached skill level 1 in Fire Magic
  1931 | D:3      | Reached skill level 1 in Ice Magic
  1931 | D:3      | Reached skill level 1 in Air Magic
  1931 | D:3      | Reached skill level 1 in Earth Magic
  1931 | D:3      | Reached skill level 1 in Poison Magic
  2271 | D:3      | Found a glowing drain.
  2287 | D:3      | Reached XP level 5. HP: 28/37 MP: 7/7
  2313 | Sewer    | Entered a sewer
  2613 | Sewer    | Noticed a kobold brigand
  2613 | Sewer    | Noticed a kobold brigand
  2623 | Sewer    | Killed a kobold brigand
  2629 | Sewer    | Killed a kobold brigand
  2630 | Sewer    | Reached skill level 5 in Staves
  2630 | Sewer    | Reached XP level 6. HP: 37/44 MP: 7/9
  3235 | D:4      | Identified the +6 mace "Babarphie" {vorpal, *Slow Fragile
                  | rC+ Dex+6}
  3599 | D:4      | Reached XP level 7. HP: 39/51 MP: 10/10
  3984 | D:4      | Found Icseus's Tremendous Tomes.
  4136 | D:5      | Entered Level 5 of the Dungeon
  4136 | D:5      | Noticed a wraith
  4395 | D:5      | Reached XP level 8. HP: 58/58 MP: 12/12
  4411 | D:5      | Killed a wraith
  4550 | D:5      | Found a hazy altar of Hepliaklqana.
  4956 | D:6      | Noticed Blork the orc
  4959 | D:6      | Noticed Blork
  4959 | D:6      | Blork the orc changed into Blork the ogre
  4973 | D:6      | Killed Blork the ogre
  4974 | D:6      | Reached skill level 11 in Evocations
  5108 | D:6      | Noticed a wyvern
  5140 | D:6      | Found the +3 woodcutter's axe {vorpal}
  5385 | D:6      | Killed a wyvern
  5712 | D:6      | Noticed Edmund
  5731 | D:6      | Killed Edmund
  6001 | D:6      | Found a glowing silver altar of Zin.
  6082 | D:6      | Reached XP level 9. HP: 65/65 MP: 14/14
  6940 | D:7      | Found a white marble altar of Elyvilon.
  7015 | D:7      | Found a staircase to the Ecumenical Temple.
  7024 | Temple   | Entered the Ecumenical Temple
  7089 | Temple   | Became a worshipper of Warmaster Okawaru
  7699 | D:7      | Found a radiant altar of Vehumet.
  7752 | D:7      | Mangled by an orc warrior

Illustrated notes

Levels and vault maps discovered:
D:1:      dpeg_arrival_rooms_b, layout_loops_ring,
          dreamdust_ecumenical_altar_grove
D:2:      layout_rooms
D:3:      layout_loops_ring, portal_sewer_entry_a,
          corexii_item_surrounded_by_moat
D:4:      minmay_inner_zag, layout_basic, serial_glass, glass_columns_a,
          glass_columns_a, glass_columns_a, glass_columns_b, glass_columns_a,
          glass_columns_c, glass_columns_a, glass_columns_a,
          nicolae_shop_i_like_big_books
D:5:      layout_rooms, mainiacjoe_overflow_alcove_4, grunt_ministairs_8
D:6:      layout_loops_ring, zin_treasury, uniq_edmund, uniq_blork_the_orc
D:7:      layout_layer_cave, elyvilon_altar_1, trog_wizard, vehumet_statue,
          minmay_temple_entry_arrows, st_stairs_11
Temple:   nicolae_temple_superstar

Skill      XL: |  1  2  3  4  5  6  7  8  9 |
---------------+----------------------------+-----
Evocations     | 11 | 11.3
Invocations    | 1 2 3 4 |  4.8
Fighting       | 1 2 3 4 |  4.4
Short Blades   | 1 2 3 4 |  4.4
Long Blades    | 1 2 3 4 |  4.4
Axes           | 1 2 3 4 |  4.4
Maces & Flails | 1 2 3 4 |  4.4
Polearms       | 1 2 3 4 |  4.4
Throwing       | 1 2 3 4 |  4.4
Armour         | 1 2 3 4 |  4.4
Dodging        | 1 2 3 4 |  4.4
Stealth        | 1 2 3 4 |  4.4
Shields        | 1 2 3 4 |  4.4
Unarmed Combat | 1 2 3 4 |  4.4
Spellcasting   | 1 2 3 4 |  4.4
Conjurations   | 1 2 3 |  3.6
Hexes          | 1 2 3 |  3.6
Summonings     | 1 2 3 |  3.6
Necromancy     | 1 2 3 |  3.6
Translocations | 1 2 3 |  3.6
Transmutations | 1 2 3 |  3.6
Fire Magic     | 1 2 3 |  3.6
Ice Magic      | 1 2 3 |  3.6
Air Magic      | 1 2 3 |  3.6
Earth Magic    | 1 2 3 |  3.6
Poison Magic   | 1 2 3 |  3.6
Staves         | 5 6 |  6.4
Ranged Weapons | 7 8 |  8.0

Action                   |  1- 3 |  4- 6 |  7- 9 || total
-------------------------+-------+-------+-------++-------
Melee: Quarterstaff      |    34 |    82 |   101 ||   217
       Bite              |     3 |     5 |    19 ||    27
       Battleaxe         |       |       |    56 ||    56
 Fire: Sling             |   111 |   109 |    69 ||   289
Throw: Dart              |       |       |    36 ||    36
       Stone             |       |       |     3 ||     3
Evoke: Wand              |       |       |     1 ||     1
  Use: Scroll            |     1 |     1 |     8 ||    10
       Potion            |       |     3 |     9 ||    12
 Stab: Sleeping          |       |       |     3 ||     3
       Distracted        |       |       |     1 ||     1
Armor: Leather armour    |    27 |    21 |    19 ||    67
Dodge: Dodged            |    68 |    95 |   107 ||   270
